Map: Site Delta LE

Players

Dexian - Winner!

  • Race: Zerg Zerg
  • League: Platinum
  • Spawn Location: 5:00

Honor

  • Race: Zerg Zerg
  • League: Platinum
  • Spawn Location: 11:00

VOD

Have the link to the VOD?

Description

Time

  • Played on: March 13, 2024, 9:19 p.m.
  • Length: 8:19
Show
View Real Time Build Order
Export as new Build Order

Dexian Zerg - Winner!

Build Orders: Hatch First 

Get SALT Encoding   

  12  0:01  Drone  
  13  0:13  Overlord  
  13  0:17  Drone  
  14  0:31  Drone x2  
  16  0:50  Hatchery  
  16  0:53  Drone  
  16  0:57  Extractor  
  16  0:58  Drone  
  16  1:02  Drone  
  17  1:09  Drone  
  18  1:22  Spawning Pool  
  17  1:26  Drone  
  18  1:36  Overlord  
  18  1:42  Drone  
  19  2:09  Roach Warren  
  19  2:10  Queen  
  19  2:11  Queen  
  19  2:13  Drone  
  23  2:17  Zergling x4  
  25  2:24  Metabolic Boost  
  25  2:31  Drone x2  
  27  2:49  Roach x3  
  33  2:55  Roach  
  35  3:05  Zergling x2  
  36  3:06  Overlord  
  36  3:08  Overlord  
  36  3:25  Roach x2  
  36  3:26  Roach, Zergling x4  
  44  3:41  Roach x2, Zergling x4  
  48  4:09  Zergling x2  
  51  4:10  Roach  
  50  4:20  Roach, Zergling x4  
  50  4:23  Overlord  
  48  4:39  Roach, Zergling x4  
  50  4:56  Zergling x2  
  50  4:57  Roach x2, Zergling x2  
  49  5:12  Roach, Zergling x2  
  48  5:24  Zergling x2  
  48  5:25  Roach, Zergling x2  
  52  5:30  Zergling x2  
Show
View Real Time Build Order
Export as new Build Order

Honor Zerg 

Build Orders: Hatch First 

Get SALT Encoding   

  12  0:02  Drone  
  13  0:10  Drone  
  14  0:17  Overlord  
  14  0:45  Drone  
  14  0:49  Hatchery  
  14  0:50  Drone  
  14  0:52  Drone  
  16  1:10  Spawning Pool  
  15  1:13  Extractor  
  15  1:14  Drone  
  15  1:17  Drone  
  16  1:23  Drone  
  17  1:29  Drone  
  18  1:41  Drone  
  19  1:52  Drone  
  20  1:57  Extractor  
  19  2:01  Extractor, Queen  
  19  2:03  Queen  
  19  2:04  Drone  
  19  2:07  Drone  
  24  2:17  Roach Warren  
  24  2:19  Drone  
  24  2:24  Drone  
  24  2:26  Drone  
  27  2:30  Zergling x2  
  27  2:37  Overlord  
  27  2:52  Lair  
  27  2:55  Zergling x4  
  29  3:05  Roach x2  
  33  3:18  Drone x3  
  35  3:27  Overlord  
  35  3:32  Overlord  
  35  3:56  Roach x3  
  35  3:57  Roach  
  40  4:07  Roach x3  
  31  4:36  Roach x5  
  41  4:50  Roach x2  
  35  5:04  Roach  
  35  5:05  Roach  
  33  5:10  Zergling x2  
  30  5:20  Roach x2  
  32  5:29  Roach  
Tags
 
Add a new tag
Caveats
  • Supply blocks, unpowered buildings, or Contaminate may cause inaccurate times.
  • Supply counts are checked every 10 seconds.